[ PARTIDA AOE2 · #478786363 ]
UnrankedPolacos vs Spanish
[ ANÁLISIS DE REPETICIÓN · EXTRAÍDO DE LA PARTIDA GRABADA ]
Feudal
11:58
Castillos
20:46
Imperial
—
| APM promedio | 22.8 |
| APM pico | 61 |
| eAPM promedio | 10.0 |
| Aldeanos / militares | 74 / 16 |
Foco
⚔️ 11.9% · 🌾 88.1%
Knight ×16
Feudal
12:31
Castillos
16:01
Imperial
—
| APM promedio | 32.7 |
| APM pico | 79 |
| eAPM promedio | 16.1 |
| Aldeanos / militares | 113 / 18 |
Foco
⚔️ 10.9% · 🌾 89.1%
Skirmisher ×7 · Conquistador ×7 · Knight ×3 · Missionary ×1
Feudal
12:08
Castillos
17:21
Imperial
—
| APM promedio | 37.8 |
| APM pico | 107 |
| eAPM promedio | 11.4 |
| Aldeanos / militares | 93 / 23 |
Foco
⚔️ 9.6% · 🌾 90.4%
Conquistador ×23
Feudal
12:08
Castillos
16:26
Imperial
—
| APM promedio | 19.7 |
| APM pico | 49 |
| eAPM promedio | 8.2 |
| Aldeanos / militares | 50 / 13 |
Foco
⚔️ 21.8% · 🌾 78.2%
Archer ×7 · Spearman ×4 · Iron Pagoda ×1 · Battering Ram ×1
Feudal
11:53
Castillos
15:24
Imperial
27:43
| APM promedio | 44.7 |
| APM pico | 107 |
| eAPM promedio | 24.1 |
| Aldeanos / militares | 146 / 1 |
Foco
⚔️ 15.1% · 🌾 84.9%
Monk ×1
Feudal
11:07
Castillos
14:58
Imperial
29:09
| APM promedio | 41.2 |
| APM pico | 63 |
| eAPM promedio | 21.9 |
| Aldeanos / militares | 129 / 7 |
Foco
⚔️ 9.1% · 🌾 90.9%
Knight ×4 · Magyar Huszar ×2 · Monk ×1
Feudal
11:46
Castillos
15:37
Imperial
27:52
| APM promedio | 31.8 |
| APM pico | 63 |
| eAPM promedio | 15.3 |
| Aldeanos / militares | 82 / 30 |
Foco
⚔️ 13.1% · 🌾 86.9%
Scout Cavalry ×28 · Monk ×2
Feudal
13:29
Castillos
17:25
Imperial
21:50
| APM promedio | 34.0 |
| APM pico | 82 |
| eAPM promedio | 14.6 |
| Aldeanos / militares | 79 / 27 |
Foco
⚔️ 14.8% · 🌾 85.2%
Hand Cannoneer ×22 · Bombard Cannon ×4 · Monk ×1
Mapa de la partida
Recursos iniciales + cada clic de construcción. Líneas = muros · curvas = relieve. ◆ oro · ⬟ piedra · ● bayas · ✦ reliquia · ◌ hueco del cierre
Tu base· ✓ Cerrada en 20:46 · 0t muro · 3 puerta(s)
Base de MaxC· ✓ Cerrada en 16:01 · 0t muro · 2 puerta(s)
Base de aerogel· ✓ Cerrada en 17:21 · 0t muro · 2 puerta(s)
Base de BillMorten· ✓ Cerrada en 16:26 · 0t muro · 3 puerta(s)
Base de SIRTLAYIP GÖTÜRÜCÜ· ✓ Cerrada en 15:24 · 0t muro · 2 puerta(s)
Base de lostRiver· ✓ Cerrada en 14:58 · 0t muro · 2 puerta(s)
Base de 273229065· ✓ Cerrada en 15:37 · 0t muro · 2 puerta(s)
Base de Dumbhill· ✓ Cerrada en 17:25 · 0t muro · 3 puerta(s)
Terreno inicial suavizado · ◌ = hueco del cierre detectado · pasá el cursor para detalles
Inputs por minuto
— onurC - - MaxC
Build order — onurC
127 acciones detectadas en el replay
| 0:01 | Encolar | Villager (Male) |
| 0:02 | Encolar | Villager (Male) |
| 0:03 | Construir | House |
| 0:05 | Construir | House |
| 0:34 | Encolar | Villager (Male) |
| 0:34 | Encolar | Villager (Male) |
| 0:34 | Encolar | Villager (Male) |
| 1:30 | Encolar | Villager (Male) |
| 1:30 | Encolar | Villager (Male) |
| 2:01 | Construir | Lumber Camp |
| 2:08 | Encolar | Villager (Male) |
| 2:09 | Encolar | Villager (Male) |
| 2:31 | Encolar | Villager (Male) |
| 2:55 | Encolar | Villager (Male) |
| 3:19 | Encolar | Villager (Male) |
| 4:02 | Encolar | Villager (Male) |
| 4:02 | Encolar | Villager (Male) |
| 4:02 | Encolar | Villager (Male) |
| 4:16 | Construir | Mill |
| 5:01 | Encolar | Villager (Male) |
| 5:01 | Encolar | Villager (Male) |
| 5:02 | Encolar | Villager (Male) |
| 5:22 | Construir | House |
| 5:24 | Construir | House |
| 5:27 | Construir | House |
| 5:30 | Construir | House |
| 5:37 | Construir | House |
| 6:12 | Encolar | Villager (Male) |
| 6:24 | Construir | Lumber Camp |
| 6:53 | Encolar | Villager (Male) |
| 6:53 | Encolar | Villager (Male) |
| 7:25 | Encolar | Villager (Male) |
| 7:26 | Encolar | Villager (Male) |
| 8:08 | Encolar | Villager (Male) |
| 8:24 | Encolar | Villager (Male) |
| 8:28 | Investigar | Loom |
| 9:03 | Construir | Mining Camp |
| 9:29 | Construir | Farm |
| 9:35 | Investigar | Feudal Age |
| 9:49 | Construir | Farm |
| 10:13 | Construir | Farm |
| 10:42 | Construir | Barracks |
| 10:56 | Construir | House |
| 10:57 | Construir | House |
| 11:27 | Construir | Mill |
| 11:46 | Encolar | Villager (Male) |
| 11:46 | Encolar | Villager (Male) |
| 11:47 | Encolar | Villager (Male) |
| 11:58 | Edad | Edad Feudal |
| 12:12 | Construir | Farm |
| 13:07 | Encolar | Villager (Male) |
| 13:21 | Construir | House |
| 13:33 | Construir | Farm |
| 13:49 | Investigar | Double-Bit Axe |
| 13:50 | Encolar | Villager (Male) |
| 13:51 | Encolar | Villager (Male) |
| 13:57 | Construir | House |
| 13:59 | Construir | House |
| 14:12 | Construir | Palisade Gate |
| 14:44 | Construir | Farm |
| 14:45 | Construir | Farm |
| 14:46 | Construir | Farm |
| 14:48 | Construir | Farm |
| 14:50 | Construir | Farm |
| 14:51 | Construir | Farm |
| 14:53 | Construir | Farm |
| 14:54 | Construir | Farm |
| 14:57 | Encolar | Villager (Male) |
| 14:58 | Encolar | Villager (Male) |
| 15:56 | Construir | Blacksmith |
| 16:07 | Encolar | Villager (Male) |
| 16:10 | Investigar | Wheelbarrow |
| 17:02 | Construir | Market |
| 17:19 | Construir | House |
| 17:21 | Construir | House |
| 17:41 | Encolar | Villager (Male) |
| 17:41 | Encolar | Villager (Male) |
| 17:47 | Investigar | Castle Age |
| 17:53 | Construir | Farm |
| 18:15 | Construir | Farm |
| 18:20 | Construir | Farm |
| 18:41 | Construir | Farm |
| 18:49 | Investigar | Horse Collar |
| 19:21 | Construir | Stable |
| 19:47 | Construir | House |
| 20:19 | Construir | Stable |
| 20:25 | Investigar | Bloodlines |
| 20:28 | Investigar | Scale Barding Armor |
| 20:29 | Investigar | Forging |
| 20:42 | Encolar | Villager (Male) |
| 20:43 | Encolar | Villager (Male) |
| 20:46 | Encolar | Villager (Male) |
| 20:46 | Edad | Edad de los Castillos |
| 21:20 | Construir | Town Center |
| 21:46 | Construir | Stable |
| 21:50 | Investigar | Husbandry |
| 21:55 | Investigar | Light Cavalry (upgrade) |
| 21:57 | Investigar | Chain Barding Armor |
| 22:12 | Encolar | Villager (Male) |
| 22:12 | Encolar | Villager (Male) |
| 22:22 | Encolar | Knight ×2 |
| 23:00 | Construir | Town Center |
| 23:30 | Encolar | Villager (Male) ×5 |
| 23:40 | Encolar | Knight ×4 |
| 24:28 | Encolar | Villager (Male) ×5 |
| 25:10 | Investigar | Hand Cart |
| 25:12 | Encolar | Villager (Male) ×5 |
| 25:18 | Investigar | Iron Casting |
| 25:21 | Encolar | Villager (Male) ×3 |
| 25:32 | Construir | Mill |
| 25:36 | Construir | Farm |
| 25:37 | Construir | Farm |
| 25:48 | Construir | Mining Camp |
| 26:25 | Encolar | Villager (Male) ×5 |
| 26:50 | Construir | Lumber Camp |
| 26:59 | Encolar | Knight ×2 |
| 27:19 | Investigar | Gold Mining |
| 27:27 | Construir | Farm |
| 27:30 | Construir | Farm |
| 27:31 | Construir | Farm |
| 27:32 | Construir | Farm |
| 27:33 | Construir | Farm |
| 27:44 | Construir | Farm |
| 27:52 | Encolar | Villager (Male) ×5 |
| 28:42 | Encolar | Villager (Male) ×5 |
| 29:37 | Encolar | Knight ×5 |
| 29:38 | Encolar | Knight ×3 |
Build order — MaxC
Primeras 150 de 254 acciones detectadas
| 0:01 | Encolar | Villager (Male) |
| 0:02 | Encolar | Villager (Male) |
| 0:02 | Encolar | Villager (Male) |
| 0:05 | Construir | House |
| 0:09 | Encolar | Villager (Male) |
| 0:09 | Encolar | Villager (Male) |
| 0:20 | Construir | House |
| 0:21 | Construir | House |
| 1:10 | Construir | House |
| 1:31 | Encolar | Villager (Male) |
| 1:32 | Encolar | Villager (Male) |
| 2:08 | Encolar | Villager (Male) |
| 2:14 | Construir | Lumber Camp |
| 2:25 | Encolar | Villager (Male) |
| 2:25 | Encolar | Villager (Male) |
| 2:55 | Encolar | Villager (Male) |
| 3:12 | Encolar | Villager (Male) |
| 3:13 | Encolar | Villager (Male) |
| 3:45 | Encolar | Villager (Male) |
| 4:11 | Encolar | Villager (Male) |
| 4:18 | Construir | Mill |
| 4:40 | Encolar | Villager (Male) |
| 4:40 | Encolar | Villager (Male) |
| 5:13 | Investigar | Loom |
| 5:14 | Investigar | Loom |
| 5:17 | Encolar | Villager (Male) |
| 5:17 | Encolar | Villager (Male) |
| 5:25 | Encolar | Villager (Male) |
| 5:52 | Encolar | Villager (Male) |
| 6:05 | Encolar | Villager (Male) |
| 6:05 | Encolar | Villager (Male) |
| 6:21 | Encolar | Villager (Male) |
| 6:22 | Encolar | Villager (Male) |
| 7:00 | Encolar | Villager (Male) |
| 7:01 | Encolar | Villager (Male) |
| 7:25 | Encolar | Villager (Male) |
| 7:25 | Encolar | Villager (Male) |
| 7:52 | Encolar | Villager (Male) |
| 7:52 | Encolar | Villager (Male) |
| 8:05 | Construir | House |
| 8:06 | Construir | House |
| 8:08 | Encolar | Villager (Male) |
| 8:08 | Encolar | Villager (Male) |
| 8:18 | Encolar | Villager (Male) |
| 8:18 | Encolar | Villager (Male) |
| 8:53 | Encolar | Villager (Male) |
| 9:07 | Construir | Mining Camp |
| 9:57 | Construir | Farm |
| 9:59 | Construir | Farm |
| 10:01 | Construir | Farm |
| 10:02 | Construir | Farm |
| 10:03 | Construir | Farm |
| 10:21 | Investigar | Feudal Age |
| 11:06 | Construir | Farm |
| 11:07 | Construir | Farm |
| 11:11 | Construir | Farm |
| 11:32 | Encolar | Villager (Male) |
| 11:32 | Encolar | Villager (Male) |
| 11:32 | Encolar | Villager (Male) |
| 11:32 | Encolar | Villager (Male) |
| 12:31 | Edad | Edad Feudal |
| 12:34 | Construir | Market |
| 12:47 | Construir | Blacksmith |
| 13:16 | Investigar | Castle Age |
| 13:26 | Investigar | Double-Bit Axe |
| 13:26 | Investigar | Double-Bit Axe |
| 13:34 | Construir | Farm |
| 13:44 | Investigar | Horse Collar |
| 13:44 | Investigar | Horse Collar |
| 14:04 | Construir | Mining Camp |
| 14:22 | Investigar | Stone Mining |
| 14:51 | Investigar | Gold Mining |
| 15:10 | Encolar | Villager (Male) |
| 15:11 | Encolar | Villager (Male) |
| 16:01 | Edad | Edad de los Castillos |
| 16:13 | Construir | Town Center |
| 16:26 | Investigar | Bow Saw |
| 16:31 | Encolar | Villager (Male) |
| 16:31 | Encolar | Villager (Male) |
| 16:58 | Construir | House |
| 17:00 | Construir | House |
| 17:23 | Investigar | Wheelbarrow |
| 17:26 | Encolar | Villager (Male) |
| 17:26 | Encolar | Villager (Male) |
| 17:41 | Construir | Farm |
| 17:42 | Construir | Farm |
| 17:44 | Encolar | Villager (Male) |
| 17:49 | Encolar | Villager (Male) |
| 17:49 | Encolar | Villager (Male) |
| 18:15 | Construir | Monastery |
| 18:18 | Encolar | Villager (Male) |
| 18:18 | Encolar | Villager (Male) |
| 18:26 | Construir | Lumber Camp |
| 18:36 | Encolar | Villager (Male) |
| 18:36 | Encolar | Villager (Male) |
| 18:41 | Encolar | Villager (Male) |
| 18:41 | Encolar | Villager (Male) |
| 18:46 | Encolar | Missionary |
| 18:57 | Encolar | Villager (Male) |
| 19:02 | Construir | Farm |
| 19:03 | Construir | Farm |
| 19:36 | Construir | Castle |
| 19:46 | Investigar | Fervor |
| 19:47 | Investigar | Fervor |
| 19:48 | Encolar | Villager (Male) |
| 19:48 | Encolar | Villager (Male) |
| 19:49 | Encolar | Villager (Male) |
| 19:49 | Encolar | Villager (Male) |
| 19:49 | Encolar | Villager (Male) |
| 19:50 | Encolar | Villager (Male) |
| 19:58 | Encolar | Villager (Male) |
| 19:58 | Encolar | Villager (Male) |
| 20:09 | Construir | Lumber Camp |
| 20:22 | Encolar | Villager (Male) |
| 20:32 | Encolar | Villager (Male) |
| 20:44 | Construir | Town Center |
| 20:46 | Encolar | Villager (Male) |
| 20:46 | Encolar | Villager (Male) |
| 20:56 | Construir | Farm |
| 20:58 | Construir | Farm |
| 20:59 | Construir | Farm |
| 21:00 | Construir | Farm |
| 21:20 | Encolar | Villager (Male) |
| 21:20 | Encolar | Villager (Male) |
| 21:22 | Encolar | Villager (Male) |
| 21:27 | Construir | Farm |
| 21:27 | Construir | Farm |
| 21:29 | Construir | Farm |
| 21:29 | Construir | Farm |
| 21:35 | Encolar | Villager (Male) |
| 21:42 | Construir | Farm |
| 21:43 | Construir | Farm |
| 21:49 | Construir | Farm |
| 21:53 | Encolar | Villager (Male) |
| 22:03 | Encolar | Villager (Male) |
| 22:10 | Construir | Farm |
| 22:12 | Construir | Farm |
| 22:13 | Construir | Farm |
| 22:14 | Construir | Farm |
| 22:17 | Encolar | Villager (Male) |
| 22:20 | Construir | Farm |
| 22:27 | Encolar | Villager (Male) |
| 22:28 | Encolar | Villager (Male) |
| 22:31 | Encolar | Villager (Male) |
| 22:44 | Encolar | Conquistador |
| 22:44 | Encolar | Conquistador |
| 22:44 | Encolar | Conquistador |
| 23:06 | Construir | Barracks |
| 23:12 | Encolar | Villager (Male) |
| 23:12 | Encolar | Villager (Male) |
Build order — aerogel
Primeras 150 de 185 acciones detectadas
| 0:02 | Encolar | Villager (Male) |
| 0:03 | Encolar | Villager (Male) |
| 0:03 | Encolar | Villager (Male) |
| 0:04 | Construir | House |
| 0:07 | Construir | House |
| 0:48 | Encolar | Villager (Male) |
| 0:49 | Encolar | Villager (Male) |
| 1:32 | Encolar | Villager (Male) |
| 1:33 | Encolar | Villager (Male) |
| 1:45 | Construir | Lumber Camp |
| 2:17 | Encolar | Villager (Male) |
| 2:17 | Encolar | Villager (Male) |
| 2:25 | Encolar | Villager (Male) |
| 2:25 | Encolar | Villager (Male) |
| 3:00 | Encolar | Villager (Male) |
| 3:00 | Encolar | Villager (Male) |
| 3:23 | Encolar | Villager (Male) |
| 3:23 | Encolar | Villager (Male) |
| 3:41 | Construir | House |
| 4:00 | Encolar | Villager (Male) |
| 4:00 | Encolar | Villager (Male) |
| 4:09 | Construir | Mill |
| 4:40 | Encolar | Villager (Male) |
| 4:40 | Encolar | Villager (Male) |
| 4:41 | Encolar | Villager (Male) |
| 5:13 | Construir | House |
| 5:23 | Encolar | Villager (Male) |
| 5:23 | Encolar | Villager (Male) |
| 5:24 | Encolar | Villager (Male) |
| 5:42 | Encolar | Villager (Male) |
| 5:42 | Encolar | Villager (Male) |
| 6:33 | Encolar | Villager (Male) |
| 6:33 | Encolar | Villager (Male) |
| 6:33 | Encolar | Villager (Male) |
| 6:33 | Encolar | Villager (Male) |
| 7:02 | Encolar | Villager (Male) |
| 7:03 | Encolar | Villager (Male) |
| 7:07 | Construir | House |
| 7:34 | Construir | Lumber Camp |
| 7:43 | Encolar | Villager (Male) |
| 8:25 | Construir | Farm |
| 8:42 | Construir | Farm |
| 8:56 | Construir | Farm |
| 9:03 | Encolar | Villager (Male) |
| 9:16 | Encolar | Villager (Male) |
| 9:18 | Investigar | Loom |
| 9:40 | Construir | Farm |
| 9:43 | Construir | Farm |
| 9:48 | Investigar | Feudal Age |
| 10:00 | Construir | Mining Camp |
| 10:05 | Construir | Mining Camp |
| 10:37 | Encolar | Villager (Male) |
| 10:38 | Encolar | Villager (Male) |
| 11:04 | Encolar | Villager (Male) |
| 11:05 | Investigar | Loom |
| 12:08 | Edad | Edad Feudal |
| 12:18 | Investigar | Double-Bit Axe |
| 12:40 | Construir | House |
| 12:53 | Construir | Market |
| 12:58 | Construir | Blacksmith |
| 13:27 | Construir | Farm |
| 13:45 | Encolar | Villager (Male) |
| 13:56 | Investigar | Wheelbarrow |
| 14:11 | Encolar | Villager (Male) |
| 14:25 | Construir | Farm |
| 14:41 | Investigar | Castle Age |
| 15:19 | Construir | Farm |
| 15:20 | Construir | Farm |
| 15:23 | Construir | Farm |
| 16:16 | Investigar | Horse Collar |
| 16:36 | Encolar | Villager (Male) |
| 16:37 | Encolar | Villager (Male) |
| 17:11 | Construir | House |
| 17:21 | Edad | Edad de los Castillos |
| 17:31 | Construir | Farm |
| 17:31 | Construir | Farm |
| 17:31 | Construir | Farm |
| 17:32 | Construir | Farm |
| 17:32 | Construir | Farm |
| 17:32 | Construir | Farm |
| 17:32 | Construir | Farm |
| 17:33 | Construir | Farm |
| 17:45 | Construir | House |
| 17:59 | Construir | House |
| 18:08 | Construir | Castle |
| 18:22 | Encolar | Villager (Male) |
| 18:22 | Encolar | Villager (Male) |
| 18:22 | Encolar | Villager (Male) |
| 18:22 | Encolar | Villager (Male) |
| 18:25 | Encolar | Villager (Male) |
| 18:58 | Investigar | Wheelbarrow |
| 19:22 | Construir | Farm |
| 19:36 | Construir | Farm |
| 19:42 | Encolar | Conquistador |
| 19:43 | Encolar | Conquistador |
| 19:43 | Encolar | Conquistador |
| 19:43 | Encolar | Conquistador |
| 19:43 | Encolar | Conquistador |
| 19:43 | Encolar | Conquistador |
| 20:15 | Encolar | Villager (Male) |
| 20:15 | Encolar | Villager (Male) |
| 20:55 | Encolar | Conquistador |
| 20:55 | Encolar | Conquistador |
| 20:55 | Encolar | Conquistador |
| 21:02 | Investigar | Bow Saw |
| 21:06 | Investigar | Gold Mining |
| 21:27 | Construir | Monastery |
| 21:57 | Encolar | Villager (Male) |
| 22:19 | Encolar | Villager (Male) |
| 22:29 | Construir | Town Center |
| 23:02 | Construir | Lumber Camp |
| 23:07 | Encolar | Conquistador |
| 23:07 | Encolar | Conquistador |
| 23:08 | Encolar | Conquistador |
| 23:08 | Encolar | Conquistador |
| 23:08 | Encolar | Conquistador |
| 23:09 | Encolar | Conquistador |
| 23:09 | Encolar | Conquistador |
| 23:28 | Encolar | Villager (Male) |
| 23:28 | Encolar | Villager (Male) |
| 23:28 | Encolar | Villager (Male) |
| 23:29 | Encolar | Villager (Male) |
| 23:37 | Encolar | Conquistador |
| 23:50 | Encolar | Villager (Male) |
| 23:50 | Encolar | Villager (Male) |
| 23:50 | Encolar | Villager (Male) |
| 23:50 | Encolar | Villager (Male) |
| 23:51 | Encolar | Villager (Male) |
| 23:51 | Encolar | Villager (Male) |
| 23:51 | Encolar | Villager (Male) |
| 23:52 | Encolar | Villager (Male) |
| 24:00 | Construir | Farm |
| 24:20 | Encolar | Villager (Male) |
| 24:20 | Encolar | Villager (Male) |
| 24:31 | Construir | University |
| 24:41 | Construir | Farm |
| 24:57 | Construir | Farm |
| 25:14 | Construir | Lumber Camp |
| 25:17 | Encolar | Villager (Male) |
| 25:17 | Encolar | Villager (Male) |
| 25:22 | Construir | House |
| 25:28 | Construir | House |
| 25:57 | Encolar | Conquistador |
| 25:58 | Encolar | Conquistador |
| 25:58 | Encolar | Conquistador |
| 25:58 | Encolar | Conquistador |
| 25:58 | Encolar | Conquistador |
| 25:59 | Encolar | Conquistador |
| 26:07 | Construir | Farm |
| 26:25 | Encolar | Villager (Male) |
Build order — BillMorten
117 acciones detectadas en el replay
| 0:03 | Encolar | Villager (Male) |
| 0:04 | Encolar | Villager (Male) |
| 0:04 | Encolar | Villager (Male) |
| 0:04 | Encolar | Villager (Male) |
| 0:04 | Encolar | Villager (Male) |
| 0:05 | Encolar | Villager (Male) |
| 0:05 | Encolar | Villager (Male) |
| 0:08 | Construir | House |
| 0:10 | Construir | House |
| 0:12 | Construir | House |
| 1:21 | Encolar | Villager (Male) |
| 1:58 | Encolar | Villager (Male) |
| 2:04 | Construir | Lumber Camp |
| 2:21 | Construir | House |
| 2:30 | Encolar | Villager (Male) |
| 2:51 | Encolar | Villager (Male) |
| 3:14 | Encolar | Villager (Male) |
| 3:49 | Encolar | Villager (Male) |
| 4:11 | Encolar | Villager (Male) |
| 4:37 | Encolar | Villager (Male) |
| 4:53 | Construir | Mill |
| 4:59 | Encolar | Villager (Male) |
| 5:28 | Encolar | Villager (Male) |
| 6:00 | Investigar | Loom |
| 6:20 | Encolar | Villager (Male) |
| 6:21 | Encolar | Villager (Male) |
| 6:23 | Encolar | Villager (Male) |
| 6:34 | Encolar | Villager (Male) |
| 7:17 | Encolar | Villager (Male) |
| 7:17 | Encolar | Villager (Male) |
| 7:17 | Encolar | Villager (Male) |
| 7:34 | Encolar | Villager (Male) |
| 8:29 | Construir | House |
| 8:37 | Construir | Barracks |
| 9:58 | Investigar | Feudal Age |
| 10:08 | Construir | Mill |
| 10:35 | Construir | Mining Camp |
| 11:09 | Construir | House |
| 12:08 | Edad | Edad Feudal |
| 12:12 | Construir | Blacksmith |
| 12:23 | Construir | Market |
| 13:24 | Construir | Lumber Camp |
| 13:46 | Investigar | Castle Age |
| 14:05 | Construir | Archery Range |
| 14:35 | Encolar | Spearman |
| 14:36 | Encolar | Spearman |
| 14:37 | Encolar | Spearman |
| 15:13 | Construir | Farm |
| 15:13 | Construir | Farm |
| 15:17 | Construir | Farm |
| 15:25 | Construir | Farm |
| 15:34 | Construir | Farm |
| 15:35 | Construir | Farm |
| 15:35 | Construir | Farm |
| 15:35 | Construir | Farm |
| 15:36 | Construir | Farm |
| 15:41 | Encolar | Villager (Male) |
| 15:41 | Encolar | Villager (Male) |
| 15:42 | Encolar | Villager (Male) |
| 16:06 | Construir | Farm |
| 16:19 | Construir | Farm |
| 16:26 | Edad | Edad de los Castillos |
| 16:34 | Investigar | Pikeman (upgrade) |
| 16:45 | Construir | Farm |
| 16:54 | Encolar | Villager (Male) |
| 17:13 | Construir | House |
| 17:16 | Construir | House |
| 17:19 | Construir | House |
| 17:27 | Encolar | Archer |
| 17:27 | Encolar | Archer |
| 17:27 | Encolar | Archer |
| 17:38 | Encolar | Spearman |
| 17:41 | Encolar | Villager (Male) |
| 17:58 | Construir | Watch Tower |
| 18:05 | Encolar | Villager (Male) |
| 18:06 | Encolar | Villager (Male) |
| 18:23 | Construir | Farm |
| 18:24 | Construir | Farm |
| 18:24 | Construir | Farm |
| 18:27 | Encolar | Villager (Male) |
| 18:28 | Encolar | Villager (Male) |
| 18:28 | Encolar | Villager (Male) |
| 18:54 | Encolar | Villager (Male) |
| 18:54 | Encolar | Villager (Male) |
| 18:54 | Encolar | Villager (Male) |
| 19:08 | Encolar | Archer |
| 19:09 | Encolar | Archer |
| 19:36 | Investigar | Double-Bit Axe |
| 20:09 | Construir | Siege Workshop |
| 20:14 | Encolar | Villager (Male) |
| 20:15 | Encolar | Villager (Male) |
| 20:38 | Investigar | Bow Saw |
| 20:43 | Construir | House |
| 20:44 | Construir | House |
| 20:46 | Construir | House |
| 21:02 | Encolar | Archer |
| 21:02 | Encolar | Archer |
| 21:07 | Investigar | Fletching |
| 21:19 | Construir | Mining Camp |
| 21:42 | Encolar | Villager (Male) |
| 21:42 | Encolar | Villager (Male) |
| 21:42 | Encolar | Villager (Male) |
| 21:42 | Encolar | Villager (Male) |
| 21:43 | Encolar | Villager (Male) |
| 21:43 | Encolar | Villager (Male) |
| 21:49 | Construir | House |
| 21:55 | Encolar | Battering Ram |
| 22:09 | Investigar | Gold Mining |
| 22:25 | Construir | Mining Camp |
| 22:40 | Construir | Farm |
| 22:41 | Construir | Farm |
| 22:44 | Encolar | Villager (Male) |
| 22:44 | Encolar | Villager (Male) |
| 22:44 | Encolar | Villager (Male) |
| 22:44 | Encolar | Villager (Male) |
| 22:58 | Encolar | Iron Pagoda |
| 23:14 | Investigar | Horse Collar |
Build order — SIRTLAYIP GÖTÜRÜCÜ
Primeras 150 de 299 acciones detectadas
| 0:01 | Encolar | Villager (Male) ×4 |
| 0:02 | Construir | House |
| 0:03 | Construir | House |
| 1:28 | Encolar | Villager (Male) |
| 1:28 | Encolar | Villager (Male) |
| 2:03 | Encolar | Villager (Male) |
| 2:03 | Encolar | Villager (Male) |
| 2:13 | Construir | Lumber Camp |
| 2:15 | Encolar | Villager (Male) |
| 2:15 | Encolar | Villager (Male) |
| 2:45 | Encolar | Villager (Male) |
| 2:45 | Encolar | Villager (Male) |
| 3:01 | Encolar | Villager (Male) |
| 3:01 | Encolar | Villager (Male) |
| 3:34 | Encolar | Villager (Male) |
| 3:34 | Encolar | Villager (Male) |
| 3:46 | Encolar | Villager (Male) |
| 3:49 | Construir | House |
| 4:00 | Construir | House |
| 4:28 | Construir | Mill |
| 4:32 | Encolar | Villager (Male) |
| 4:33 | Encolar | Villager (Male) |
| 4:56 | Encolar | Villager (Male) |
| 4:56 | Encolar | Villager (Male) |
| 4:56 | Encolar | Villager (Male) |
| 5:44 | Encolar | Villager (Male) |
| 6:06 | Construir | Farm |
| 6:12 | Encolar | Villager (Male) |
| 6:37 | Encolar | Villager (Male) |
| 6:43 | Construir | Farm |
| 7:08 | Encolar | Villager (Male) |
| 7:26 | Encolar | Villager (Male) |
| 7:27 | Encolar | Villager (Male) |
| 8:03 | Construir | House |
| 8:24 | Encolar | Villager (Male) |
| 8:26 | Encolar | Villager (Male) |
| 9:04 | Construir | Farm |
| 9:10 | Construir | Farm |
| 9:18 | Encolar | Villager (Male) |
| 9:21 | Investigar | Feudal Age |
| 9:27 | Construir | Mining Camp |
| 11:01 | Encolar | Villager (Male) |
| 11:02 | Encolar | Villager (Male) |
| 11:53 | Edad | Edad Feudal |
| 11:55 | Construir | Market |
| 11:56 | Construir | Blacksmith |
| 12:16 | Investigar | Double-Bit Axe |
| 12:17 | Investigar | Double-Bit Axe |
| 12:18 | Investigar | Horse Collar |
| 12:18 | Investigar | Horse Collar |
| 12:42 | Investigar | Castle Age |
| 12:42 | Investigar | Castle Age |
| 12:59 | Construir | House |
| 13:09 | Construir | House |
| 13:14 | Construir | House |
| 14:13 | Construir | House |
| 14:16 | Encolar | Villager (Male) |
| 14:16 | Encolar | Villager (Male) |
| 14:18 | Investigar | Wheelbarrow |
| 14:50 | Construir | Farm |
| 15:24 | Edad | Edad de los Castillos |
| 15:27 | Construir | Town Center |
| 15:28 | Construir | Town Center |
| 15:32 | Construir | Town Center |
| 16:37 | Encolar | Villager (Male) |
| 16:37 | Encolar | Villager (Male) |
| 16:38 | Encolar | Villager (Male) |
| 16:38 | Encolar | Villager (Male) |
| 16:46 | Investigar | Bow Saw |
| 16:46 | Investigar | Bow Saw |
| 16:47 | Encolar | Villager (Male) |
| 16:47 | Encolar | Villager (Male) |
| 16:50 | Construir | Farm |
| 17:01 | Construir | Farm |
| 17:13 | Construir | Farm |
| 17:17 | Construir | Farm |
| 17:29 | Encolar | Villager (Male) |
| 17:29 | Encolar | Villager (Male) |
| 17:34 | Construir | Farm |
| 17:39 | Construir | Farm |
| 17:41 | Encolar | Villager (Male) |
| 17:42 | Encolar | Villager (Male) |
| 17:48 | Encolar | Villager (Male) |
| 17:48 | Encolar | Villager (Male) |
| 17:54 | Construir | Farm |
| 17:57 | Construir | Farm |
| 17:59 | Construir | Farm |
| 18:02 | Construir | Farm |
| 18:07 | Encolar | Villager (Male) |
| 18:08 | Encolar | Villager (Male) |
| 18:13 | Construir | Farm |
| 18:15 | Construir | Farm |
| 18:18 | Encolar | Villager (Male) |
| 18:18 | Encolar | Villager (Male) |
| 18:22 | Construir | Farm |
| 18:25 | Construir | Farm |
| 18:36 | Encolar | Villager (Male) |
| 18:36 | Encolar | Villager (Male) |
| 18:42 | Construir | Farm |
| 18:43 | Encolar | Villager (Male) |
| 18:44 | Encolar | Villager (Male) |
| 18:47 | Construir | Farm |
| 18:50 | Construir | Farm |
| 18:55 | Encolar | Villager (Male) |
| 18:55 | Encolar | Villager (Male) |
| 18:58 | Construir | Farm |
| 18:58 | Encolar | Villager (Male) |
| 18:59 | Encolar | Villager (Male) |
| 19:07 | Construir | Farm |
| 19:13 | Encolar | Villager (Male) |
| 19:14 | Encolar | Villager (Male) |
| 19:22 | Encolar | Villager (Male) |
| 19:22 | Encolar | Villager (Male) |
| 19:23 | Encolar | Villager (Male) |
| 19:27 | Construir | Farm |
| 19:31 | Construir | Farm |
| 19:33 | Encolar | Villager (Male) |
| 19:33 | Encolar | Villager (Male) |
| 19:45 | Encolar | Villager (Male) |
| 19:45 | Encolar | Villager (Male) |
| 19:45 | Encolar | Villager (Male) |
| 19:51 | Encolar | Villager (Male) |
| 19:52 | Encolar | Villager (Male) |
| 19:58 | Construir | Farm |
| 20:02 | Construir | Farm |
| 20:06 | Encolar | Villager (Male) |
| 20:06 | Encolar | Villager (Male) |
| 20:06 | Encolar | Villager (Male) |
| 20:07 | Encolar | Villager (Male) |
| 20:08 | Construir | Farm |
| 20:15 | Encolar | Villager (Male) |
| 20:15 | Encolar | Villager (Male) |
| 20:18 | Construir | Farm |
| 20:19 | Encolar | Villager (Male) |
| 20:20 | Encolar | Villager (Male) |
| 20:25 | Construir | House |
| 20:27 | Encolar | Villager (Male) |
| 20:28 | Encolar | Villager (Male) |
| 20:34 | Encolar | Villager (Male) |
| 20:34 | Encolar | Villager (Male) |
| 20:39 | Construir | House |
| 20:40 | Encolar | Villager (Male) |
| 20:40 | Encolar | Villager (Male) |
| 20:41 | Encolar | Villager (Male) |
| 20:43 | Construir | Farm |
| 20:54 | Encolar | Villager (Male) |
| 20:54 | Encolar | Villager (Male) |
| 20:54 | Encolar | Villager (Male) |
| 21:05 | Encolar | Villager (Male) |
| 21:05 | Encolar | Villager (Male) |
Build order — lostRiver
Primeras 150 de 252 acciones detectadas
| 0:03 | Encolar | Villager (Male) |
| 0:03 | Encolar | Villager (Male) |
| 0:03 | Encolar | Villager (Male) |
| 0:05 | Construir | House |
| 0:07 | Construir | House |
| 0:25 | Encolar | Villager (Male) |
| 0:25 | Encolar | Villager (Male) |
| 1:27 | Encolar | Villager (Male) |
| 1:27 | Encolar | Villager (Male) |
| 1:52 | Construir | Lumber Camp |
| 2:11 | Encolar | Villager (Male) |
| 2:11 | Encolar | Villager (Male) |
| 2:16 | Encolar | Villager (Male) |
| 2:16 | Encolar | Villager (Male) |
| 2:52 | Encolar | Villager (Male) |
| 2:53 | Encolar | Villager (Male) |
| 3:02 | Encolar | Villager (Male) |
| 3:02 | Encolar | Villager (Male) |
| 3:43 | Encolar | Villager (Male) |
| 3:43 | Encolar | Villager (Male) |
| 3:45 | Encolar | Villager (Male) |
| 3:46 | Encolar | Villager (Male) |
| 3:58 | Construir | House |
| 4:27 | Construir | Mill |
| 4:33 | Encolar | Villager (Male) |
| 4:33 | Encolar | Villager (Male) |
| 5:02 | Encolar | Villager (Male) |
| 5:02 | Encolar | Villager (Male) |
| 5:02 | Encolar | Villager (Male) |
| 5:31 | Encolar | Villager (Male) |
| 5:31 | Encolar | Villager (Male) |
| 5:31 | Encolar | Villager (Male) |
| 6:02 | Construir | House |
| 6:22 | Encolar | Villager (Male) |
| 6:23 | Encolar | Villager (Male) |
| 6:23 | Encolar | Villager (Male) |
| 6:24 | Encolar | Villager (Male) |
| 8:07 | Encolar | Villager (Male) |
| 8:08 | Encolar | Villager (Male) |
| 8:57 | Investigar | Feudal Age |
| 8:57 | Investigar | Feudal Age |
| 8:57 | Investigar | Feudal Age |
| 9:23 | Construir | Mining Camp |
| 9:46 | Encolar | Villager (Male) |
| 9:46 | Encolar | Villager (Male) |
| 10:02 | Construir | House |
| 10:08 | Construir | Farm |
| 10:10 | Construir | Farm |
| 10:34 | Construir | Farm |
| 11:07 | Edad | Edad Feudal |
| 11:11 | Construir | Market |
| 11:15 | Construir | Blacksmith |
| 11:48 | Construir | Farm |
| 12:18 | Investigar | Castle Age |
| 12:18 | Investigar | Castle Age |
| 12:26 | Construir | Farm |
| 13:01 | Investigar | Double-Bit Axe |
| 13:01 | Investigar | Double-Bit Axe |
| 13:39 | Investigar | Horse Collar |
| 13:44 | Construir | Farm |
| 13:53 | Construir | Farm |
| 14:10 | Construir | Farm |
| 14:58 | Edad | Edad de los Castillos |
| 15:02 | Construir | Town Center |
| 15:07 | Construir | Town Center |
| 15:09 | Encolar | Villager (Male) |
| 15:15 | Encolar | Villager (Male) |
| 15:52 | Construir | Farm |
| 16:02 | Construir | Farm |
| 16:03 | Encolar | Villager (Male) |
| 16:15 | Encolar | Villager (Male) |
| 16:22 | Encolar | Villager (Male) |
| 16:27 | Encolar | Villager (Male) |
| 16:28 | Encolar | Villager (Male) |
| 16:35 | Construir | House |
| 16:41 | Encolar | Villager (Male) |
| 16:42 | Encolar | Villager (Male) |
| 16:47 | Investigar | Bow Saw |
| 16:47 | Investigar | Bow Saw |
| 16:50 | Construir | Farm |
| 17:03 | Encolar | Villager (Male) |
| 17:13 | Construir | House |
| 17:16 | Encolar | Villager (Male) |
| 17:21 | Construir | Farm |
| 17:28 | Construir | Farm |
| 17:32 | Encolar | Villager (Male) |
| 17:32 | Encolar | Villager (Male) |
| 17:33 | Encolar | Villager (Male) |
| 17:41 | Encolar | Villager (Male) |
| 17:57 | Construir | Monastery |
| 17:59 | Encolar | Villager (Male) |
| 18:00 | Encolar | Villager (Male) |
| 18:07 | Construir | Farm |
| 18:14 | Construir | Farm |
| 18:15 | Encolar | Villager (Male) |
| 18:19 | Construir | Farm |
| 18:20 | Encolar | Villager (Male) |
| 18:29 | Construir | Farm |
| 18:34 | Encolar | Villager (Male) |
| 18:35 | Encolar | Villager (Male) |
| 18:41 | Construir | House |
| 18:47 | Construir | Farm |
| 18:49 | Construir | Farm |
| 18:49 | Encolar | Villager (Male) |
| 18:50 | Encolar | Villager (Male) |
| 18:55 | Encolar | Villager (Male) |
| 18:55 | Encolar | Villager (Male) |
| 19:05 | Encolar | Monk |
| 19:14 | Construir | Farm |
| 19:15 | Encolar | Villager (Male) |
| 19:16 | Encolar | Villager (Male) |
| 19:20 | Construir | House |
| 19:21 | Encolar | Villager (Male) |
| 19:21 | Encolar | Villager (Male) |
| 19:36 | Construir | Town Center |
| 19:47 | Construir | Farm |
| 19:52 | Construir | Farm |
| 19:52 | Encolar | Villager (Male) |
| 19:52 | Encolar | Villager (Male) |
| 19:54 | Encolar | Villager (Male) |
| 19:54 | Encolar | Villager (Male) |
| 19:57 | Construir | House |
| 19:58 | Encolar | Villager (Male) |
| 19:59 | Encolar | Villager (Male) |
| 20:11 | Construir | Farm |
| 20:18 | Construir | Farm |
| 20:22 | Construir | Farm |
| 20:24 | Encolar | Villager (Male) |
| 20:29 | Encolar | Villager (Male) |
| 20:29 | Encolar | Villager (Male) |
| 20:29 | Encolar | Villager (Male) |
| 20:34 | Encolar | Villager (Male) |
| 20:35 | Encolar | Villager (Male) |
| 20:40 | Construir | Farm |
| 20:41 | Construir | Farm |
| 20:45 | Encolar | Villager (Male) |
| 20:52 | Construir | Farm |
| 20:52 | Encolar | Villager (Male) |
| 20:52 | Encolar | Villager (Male) |
| 20:55 | Construir | Farm |
| 21:01 | Construir | Farm |
| 21:01 | Encolar | Villager (Male) |
| 21:01 | Encolar | Villager (Male) |
| 21:03 | Construir | House |
| 21:06 | Construir | House |
| 21:07 | Construir | House |
| 21:08 | Construir | House |
| 21:09 | Encolar | Villager (Male) |
| 21:09 | Encolar | Villager (Male) |
| 21:14 | Construir | Farm |
Build order — 273229065
Primeras 150 de 198 acciones detectadas
| 0:05 | Construir | House |
| 0:08 | Encolar | Villager (Male) |
| 0:08 | Encolar | Villager (Male) |
| 0:09 | Encolar | Villager (Male) |
| 0:09 | Encolar | Villager (Male) |
| 1:30 | Encolar | Villager (Male) |
| 1:30 | Encolar | Villager (Male) |
| 1:54 | Construir | House |
| 1:56 | Construir | House |
| 1:57 | Construir | House |
| 2:22 | Encolar | Villager (Male) |
| 2:22 | Encolar | Villager (Male) |
| 2:22 | Encolar | Villager (Male) |
| 2:49 | Encolar | Villager (Male) |
| 3:10 | Encolar | Villager (Male) |
| 3:10 | Encolar | Villager (Male) |
| 3:31 | Construir | House |
| 4:11 | Encolar | Villager (Male) |
| 4:11 | Encolar | Villager (Male) |
| 4:12 | Encolar | Villager (Male) |
| 4:23 | Encolar | Villager (Male) |
| 5:17 | Encolar | Villager (Male) |
| 5:17 | Encolar | Villager (Male) |
| 5:17 | Encolar | Villager (Male) |
| 5:34 | Encolar | Villager (Male) |
| 5:35 | Encolar | Villager (Male) |
| 6:23 | Encolar | Villager (Male) |
| 6:23 | Encolar | Villager (Male) |
| 6:47 | Encolar | Villager (Male) |
| 6:47 | Encolar | Villager (Male) |
| 6:47 | Encolar | Villager (Male) |
| 7:16 | Construir | Lumber Camp |
| 7:20 | Encolar | Villager (Male) |
| 7:45 | Construir | Mill |
| 9:13 | Construir | Mining Camp |
| 9:33 | Investigar | Feudal Age |
| 11:46 | Edad | Edad Feudal |
| 12:57 | Investigar | Castle Age |
| 13:16 | Investigar | Horse Collar |
| 13:33 | Construir | Farm |
| 13:34 | Construir | Farm |
| 13:35 | Construir | Farm |
| 13:37 | Construir | Farm |
| 13:38 | Construir | Farm |
| 13:39 | Construir | Farm |
| 13:50 | Construir | Farm |
| 13:51 | Construir | Farm |
| 13:53 | Construir | Farm |
| 13:54 | Construir | Farm |
| 13:56 | Construir | Farm |
| 13:57 | Construir | Farm |
| 13:59 | Construir | Farm |
| 14:01 | Construir | Farm |
| 14:58 | Construir | House |
| 14:59 | Construir | House |
| 15:02 | Construir | House |
| 15:37 | Edad | Edad de los Castillos |
| 15:43 | Construir | Town Center |
| 15:46 | Encolar | Villager (Male) |
| 15:46 | Encolar | Villager (Male) |
| 15:53 | Investigar | Double-Bit Axe |
| 15:56 | Encolar | Villager (Male) |
| 15:56 | Encolar | Villager (Male) |
| 16:01 | Construir | Town Center |
| 16:17 | Encolar | Villager (Male) |
| 16:18 | Encolar | Villager (Male) |
| 16:21 | Encolar | Villager (Male) |
| 16:37 | Construir | House |
| 16:38 | Construir | House |
| 16:55 | Investigar | Bow Saw |
| 16:59 | Encolar | Villager (Male) |
| 17:15 | Encolar | Villager (Male) |
| 17:29 | Encolar | Villager (Male) |
| 17:30 | Encolar | Villager (Male) |
| 17:48 | Construir | Monastery |
| 17:54 | Encolar | Villager (Male) |
| 18:02 | Construir | Farm |
| 18:04 | Construir | Farm |
| 18:11 | Encolar | Villager (Male) |
| 18:11 | Encolar | Villager (Male) |
| 18:12 | Encolar | Villager (Male) |
| 18:15 | Encolar | Villager (Male) |
| 18:34 | Construir | Farm |
| 18:37 | Encolar | Monk |
| 19:05 | Construir | Farm |
| 19:08 | Encolar | Villager (Male) |
| 19:09 | Encolar | Villager (Male) |
| 19:11 | Encolar | Villager (Male) |
| 19:12 | Encolar | Villager (Male) |
| 19:15 | Encolar | Villager (Male) |
| 19:15 | Encolar | Villager (Male) |
| 19:16 | Encolar | Villager (Male) |
| 19:36 | Encolar | Monk |
| 19:45 | Encolar | Villager (Male) |
| 19:45 | Encolar | Villager (Male) |
| 19:50 | Construir | Farm |
| 19:51 | Construir | Farm |
| 19:52 | Construir | Farm |
| 20:02 | Construir | Farm |
| 20:03 | Construir | Farm |
| 20:09 | Construir | Farm |
| 20:11 | Encolar | Villager (Male) |
| 20:23 | Encolar | Villager (Male) |
| 20:23 | Encolar | Villager (Male) |
| 20:24 | Encolar | Villager (Male) |
| 20:24 | Encolar | Villager (Male) |
| 20:24 | Encolar | Villager (Male) |
| 20:42 | Construir | Farm |
| 20:43 | Construir | Farm |
| 20:51 | Investigar | Heavy Plow |
| 21:09 | Construir | Farm |
| 21:10 | Construir | Farm |
| 21:11 | Construir | Farm |
| 21:12 | Construir | Farm |
| 21:14 | Encolar | Villager (Male) |
| 21:14 | Encolar | Villager (Male) |
| 21:15 | Encolar | Villager (Male) |
| 21:16 | Encolar | Villager (Male) |
| 21:16 | Encolar | Villager (Male) |
| 21:17 | Encolar | Villager (Male) |
| 21:52 | Construir | House |
| 21:53 | Construir | House |
| 21:54 | Construir | House |
| 21:55 | Construir | House |
| 22:04 | Encolar | Villager (Male) |
| 22:04 | Encolar | Villager (Male) |
| 22:04 | Encolar | Villager (Male) |
| 22:04 | Encolar | Villager (Male) |
| 22:05 | Encolar | Villager (Male) |
| 22:11 | Construir | Farm |
| 22:12 | Construir | Farm |
| 22:14 | Construir | Farm |
| 22:15 | Construir | Farm |
| 22:51 | Encolar | Villager (Male) |
| 22:53 | Encolar | Villager (Male) |
| 23:01 | Encolar | Villager (Male) |
| 23:23 | Encolar | Villager (Male) |
| 23:23 | Encolar | Villager (Male) |
| 23:24 | Encolar | Villager (Male) |
| 23:24 | Encolar | Villager (Male) |
| 23:41 | Encolar | Villager (Male) |
| 23:43 | Encolar | Villager (Male) |
| 23:48 | Construir | Farm |
| 23:49 | Construir | Farm |
| 23:50 | Construir | Farm |
| 24:32 | Construir | University |
| 24:42 | Investigar | Imperial Age |
| 25:06 | Construir | Farm |
| 25:06 | Construir | Farm |
| 25:21 | Construir | Stable |
Build order — Dumbhill
Primeras 150 de 187 acciones detectadas
| 0:01 | Encolar | Villager (Male) ×4 |
| 0:01 | Encolar | Villager (Male) ×4 |
| 0:02 | Construir | House |
| 0:04 | Construir | House |
| 1:24 | Encolar | Villager (Male) |
| 1:45 | Construir | Lumber Camp |
| 2:03 | Encolar | Villager (Male) |
| 2:03 | Encolar | Villager (Male) |
| 2:18 | Encolar | Villager (Male) |
| 2:19 | Encolar | Villager (Male) |
| 2:50 | Encolar | Villager (Male) |
| 2:50 | Encolar | Villager (Male) |
| 3:05 | Encolar | Villager (Male) |
| 3:05 | Encolar | Villager (Male) |
| 3:38 | Encolar | Villager (Male) |
| 3:55 | Construir | House |
| 3:56 | Construir | House |
| 4:14 | Encolar | Villager (Male) |
| 4:14 | Encolar | Villager (Male) |
| 4:25 | Encolar | Villager (Male) |
| 4:25 | Encolar | Villager (Male) |
| 4:43 | Construir | Mill |
| 4:49 | Encolar | Villager (Male) |
| 4:50 | Encolar | Villager (Male) |
| 5:17 | Encolar | Villager (Male) |
| 5:17 | Encolar | Villager (Male) |
| 5:29 | Encolar | Villager (Male) |
| 5:30 | Encolar | Villager (Male) |
| 6:24 | Encolar | Villager (Male) |
| 6:51 | Encolar | Villager (Male) |
| 6:51 | Encolar | Villager (Male) |
| 6:52 | Encolar | Villager (Male) |
| 7:00 | Encolar | Villager (Male) |
| 7:08 | Encolar | Villager (Male) |
| 7:41 | Construir | House |
| 7:42 | Construir | House |
| 8:20 | Encolar | Villager (Male) |
| 8:59 | Encolar | Villager (Male) |
| 9:06 | Investigar | Feudal Age |
| 9:10 | Encolar | Villager (Male) |
| 9:20 | Construir | Farm |
| 9:22 | Construir | Farm |
| 9:23 | Construir | Farm |
| 9:24 | Construir | Farm |
| 9:26 | Construir | Farm |
| 9:28 | Construir | Mining Camp |
| 9:30 | Encolar | Villager (Male) |
| 9:39 | Construir | Farm |
| 9:44 | Encolar | Villager (Male) |
| 10:22 | Encolar | Villager (Male) |
| 10:36 | Investigar | Feudal Age |
| 11:23 | Construir | Farm |
| 11:25 | Construir | Farm |
| 11:27 | Construir | Farm |
| 11:33 | Construir | House |
| 11:34 | Construir | House |
| 11:34 | Construir | House |
| 12:20 | Construir | Farm |
| 12:25 | Encolar | Villager (Male) |
| 12:25 | Encolar | Villager (Male) |
| 13:29 | Edad | Edad Feudal |
| 13:33 | Construir | Market |
| 13:38 | Construir | Blacksmith |
| 13:47 | Encolar | Villager (Male) |
| 13:57 | Construir | Farm |
| 14:23 | Construir | Farm |
| 14:28 | Investigar | Castle Age |
| 14:29 | Investigar | Castle Age |
| 14:33 | Investigar | Double-Bit Axe |
| 14:35 | Investigar | Gold Mining |
| 14:48 | Construir | Farm |
| 14:58 | Investigar | Horse Collar |
| 15:05 | Construir | Farm |
| 15:44 | Encolar | Villager (Male) |
| 15:44 | Encolar | Villager (Male) |
| 17:25 | Edad | Edad de los Castillos |
| 17:28 | Encolar | Villager (Male) |
| 17:41 | Construir | Siege Workshop |
| 17:43 | Encolar | Villager (Male) |
| 17:49 | Construir | Monastery |
| 17:53 | Construir | Farm |
| 18:17 | Construir | Farm |
| 18:32 | Investigar | Imperial Age |
| 18:46 | Construir | Farm |
| 18:51 | Construir | Barracks |
| 19:20 | Encolar | Monk |
| 19:37 | Investigar | Bow Saw |
| 19:37 | Investigar | Bow Saw |
| 20:01 | Construir | Archery Range |
| 20:31 | Encolar | Villager (Male) |
| 20:31 | Encolar | Villager (Male) |
| 20:38 | Investigar | Bow Saw |
| 21:19 | Construir | Archery Range |
| 21:50 | Edad | Edad Imperial |
| 21:51 | Encolar | Bombard Cannon |
| 21:51 | Encolar | Bombard Cannon |
| 21:54 | Encolar | Hand Cannoneer |
| 21:54 | Encolar | Hand Cannoneer |
| 21:55 | Encolar | Hand Cannoneer |
| 21:55 | Encolar | Hand Cannoneer |
| 22:04 | Encolar | Villager (Male) |
| 22:09 | Encolar | Villager (Male) |
| 22:26 | Encolar | Hand Cannoneer |
| 22:27 | Encolar | Hand Cannoneer |
| 22:44 | Construir | Mill |
| 22:47 | Construir | Farm |
| 22:49 | Encolar | Bombard Cannon |
| 22:54 | Encolar | Hand Cannoneer |
| 22:55 | Encolar | Hand Cannoneer |
| 23:09 | Construir | Farm |
| 23:10 | Encolar | Villager (Male) |
| 23:11 | Encolar | Villager (Male) |
| 23:26 | Encolar | Hand Cannoneer |
| 23:26 | Encolar | Hand Cannoneer |
| 23:48 | Construir | House |
| 23:49 | Construir | House |
| 23:49 | Construir | House |
| 23:49 | Construir | House |
| 23:50 | Construir | House |
| 23:50 | Construir | House |
| 23:50 | Encolar | Villager (Male) |
| 23:53 | Investigar | Loom |
| 23:53 | Encolar | Villager (Male) |
| 23:54 | Encolar | Villager (Male) |
| 23:54 | Encolar | Villager (Male) |
| 24:14 | Encolar | Hand Cannoneer |
| 24:14 | Encolar | Hand Cannoneer |
| 24:30 | Construir | Town Center |
| 24:43 | Encolar | Hand Cannoneer |
| 24:44 | Encolar | Hand Cannoneer |
| 25:01 | Construir | House |
| 25:01 | Construir | House |
| 25:01 | Construir | House |
| 25:02 | Construir | House |
| 25:02 | Construir | House |
| 25:02 | Construir | House |
| 25:03 | Construir | House |
| 25:06 | Encolar | Villager (Male) |
| 25:06 | Encolar | Villager (Male) |
| 25:13 | Encolar | Hand Cannoneer |
| 25:14 | Encolar | Hand Cannoneer |
| 25:29 | Construir | Farm |
| 25:31 | Encolar | Villager (Male) |
| 25:34 | Encolar | Villager (Male) |
| 25:36 | Construir | Lumber Camp |
| 25:46 | Encolar | Villager (Male) |
| 25:51 | Construir | Farm |
| 26:14 | Encolar | Villager (Male) |
| 26:14 | Encolar | Villager (Male) |
| 26:14 | Encolar | Villager (Male) |
Cronología de la partida
| 8:37 | BillMorten · first_building Barracks |
| 10:42 | onurC · first_building Barracks |
| 11:07 | lostRiver · age_up feudal |
| 11:46 | 273229065 · age_up feudal |
| 11:53 | SIRTLAYIP GÖTÜRÜCÜ · age_up feudal |
| 11:58 | onurC · age_up feudal |
| 12:08 | BillMorten · age_up feudal |
| 12:08 | aerogel · age_up feudal |
| 12:31 | MaxC · age_up feudal |
| 13:29 | Dumbhill · age_up feudal |
| 14:05 | BillMorten · first_building Archery Range |
| 14:36 | aerogel · first_market_sell 100 wood |
| 14:38 | aerogel · first_market_buy 100 food |
| 14:58 | lostRiver · age_up castle |
| 15:08 | SIRTLAYIP GÖTÜRÜCÜ · first_market_buy 100 stone |
| 15:24 | SIRTLAYIP GÖTÜRÜCÜ · age_up castle |
| 15:29 | BillMorten · first_market_buy 100 wood |
| 15:37 | 273229065 · age_up castle |
| 16:01 | MaxC · age_up castle |
| 16:26 | BillMorten · age_up castle |
| 17:16 | lostRiver · first_market_buy 100 food |
| 17:21 | aerogel · age_up castle |
| 17:25 | Dumbhill · age_up castle |
| 17:41 | Dumbhill · first_building Siege Workshop |
| 17:48 | 273229065 · first_building Monastery |
| 17:49 | Dumbhill · first_building Monastery |
| 17:56 | onurC · first_market_buy 100 wood |
| 17:57 | lostRiver · first_building Monastery |
| 18:08 | aerogel · first_building Castle |
| 18:15 | MaxC · first_building Monastery |
| 18:51 | Dumbhill · first_building Barracks |
| 19:21 | onurC · first_building Stable |
| 19:36 | MaxC · first_building Castle |
| 20:01 | Dumbhill · first_building Archery Range |
| 20:09 | BillMorten · first_building Siege Workshop |
| 20:46 | onurC · age_up castle |
| 21:27 | aerogel · first_building Monastery |
| 21:38 | Dumbhill · first_market_sell 100 stone |
| 21:40 | Dumbhill · first_market_buy 100 wood |
| 21:50 | Dumbhill · age_up imperial |
| 22:44 | onurC · first_market_sell 500 food |
| 23:04 | lostRiver · first_building Barracks |
| 23:06 | MaxC · first_building Barracks |
| 23:40 | MaxC · first_building Archery Range |
| 23:55 | SIRTLAYIP GÖTÜRÜCÜ · first_building Monastery |
| 24:31 | BillMorten · resign |
| 24:40 | lostRiver · first_building Stable |
| 25:04 | SIRTLAYIP GÖTÜRÜCÜ · first_building Castle |
| 25:21 | 273229065 · first_building Stable |
| 25:43 | SIRTLAYIP GÖTÜRÜCÜ · first_building Barracks |
| 26:02 | lostRiver · first_building Castle |
| 27:01 | 273229065 · wall_segment Stone Wall x3 |
| 27:13 | MaxC · first_building Stable |
| 27:43 | SIRTLAYIP GÖTÜRÜCÜ · age_up imperial |
| 27:49 | 273229065 · first_building Siege Workshop |
| 27:52 | 273229065 · age_up imperial |
| 27:53 | lostRiver · first_building Archery Range |
| 29:09 | lostRiver · age_up imperial |
[ ANÁLISIS IA · 1 CRÉDITO ]
¿Qué pasó realmente en esta partida?
Wolo.gg analiza cada decisión: build order, eco, micro, errores típicos por bracket. Análisis personalizado por WhatsApp o Discord en 30 segundos.
Guía civ
Polacos
Perfil
Jugador #25109672